 Dungeon Crawl Stone Soup version 0.26-a0-597-gb535b0901c (webtiles) character file.

Game seed: 10593300068917586752

13401 Alarkh the Martial Artist (level 11, -3/138 HPs)
             Began as a Demonspawn Gladiator on Sept 12, 2020.
             Was an Elder of Makhleb.
             Slain by a minotaur
             ... wielding a +2 spectral quarterstaff
              (5 damage)
             ... in a Gauntlet.
             The game lasted 00:15:17 (8950 turns).

Alarkh the Martial Artist (Demonspawn Gladiator)    Turns: 8950, Time: 00:15:17

Health: -3/138     AC: 25    Str: 22    XL:     11   Next: 75%
Magic:  0/18       EV:  2    Int: 12    God:    Makhleb [****..]
Gold:   539        SH:  0    Dex: 25    Spells: 10/10 levels left

rFire    . . .     SeeInvis .     - Unarmed
rCold    . . .     Faith    .   (no shield)
rNeg     + + +     Spirit   +   (armour currently unavailable)
rPois    +         Reflect  .   (helmet currently unavailable)
rElec    .         Harm     .   (cloak currently unavailable)
rCorr    .         NoTele   +   (gloves currently unavailable)
MR       .....                  (boots currently unavailable)
Stlth    ++++......             B - amulet "Tuliapp" {Spirit *Contam rN++ Str+7}
HPRegen  0.33/turn              G - +4 ring of evasion
MPRegen  0.16/turn              m - +6 ring of dexterity

@: mighty, tree-form
A: thin skeletal structure 2, powered by pain 1
a: Minor Destruction, Lesser Servant of Makhleb, Major Destruction, Renounce
Religion


You were in a Gauntlet.
You worshipped Makhleb.
Makhleb was greatly pleased with you.
You were a tree.
You visited 2 branches of the dungeon, and saw 12 of its levels.
You visited the Abyss 1 time.
You also visited: Sewer and Gauntlet.

You collected 701 gold pieces.
You spent 162 gold pieces at shops.

Inventory:

Hand Weapons
 I - the +5 scythe "Finisher" {speed, eviscerate}
   (You found it on level 7 of the Dungeon)

   Attacks with this weapon are significantly faster.
Missiles
 c - 4 throwing nets (quivered)
Armour
 b - a +0 helmet (melded)
 n - a +1 ring mail of cold resistance (melded)
Magical Staves
 N - an uncursed staff of cold {unknown}
Jewellery
 a - the macabre finger necklace {rN+}
   (You found it in a Gauntlet)

   [amulet of nothing]

   It protects you from negative energy.
 g - an uncursed ring of poison resistance {unknown}
 h - an uncursed ring of flight
 m - a +6 ring of dexterity (right branch)
 t - an uncursed amulet of magic regeneration
 B - the amulet "Tuliapp" (around neck) {Spirit *Contam rN++ Str+7}
   (You took it off an orc on level 5 of the Dungeon)

   [amulet of guardian spirit]

   It causes incoming damage to be split between your health and magic.
   It affects your strength (+7).
   It greatly protects you from negative energy.
   It causes magical contamination when unequipped.
 G - a +4 ring of evasion (left branch)
Wands
 e - a wand of polymorph (31)
 E - a wand of iceblast (36)
 J - a wand of paralysis (24)
 M - a wand of disintegration (25)
Scrolls
 d - 2 scrolls of magic mapping
 f - 2 scrolls of immolation {unknown}
 i - a scroll of fear
 j - a scroll of amnesia
 l - 4 scrolls of blinking {unknown}
 o - 5 scrolls of teleportation {unknown}
 r - a scroll of identify
 s - 3 scrolls of remove curse
 v - 2 scrolls of enchant armour {unknown}
 w - a scroll of acquirement {unknown}
 y - a scroll of enchant weapon
 A - 2 scrolls of summoning {unknown}
 D - 3 scrolls of random uselessness {unknown}
 F - 2 scrolls of fog
Potions
 k - 2 potions of heal wounds
 p - 2 potions of curing
 q - 2 potions of brilliance
 u - a potion of cancellation
 x - a potion of haste
 z - a potion of lignification
 C - a potion of mutation
 O - 2 potions of flight


   Skills:
 + Level 10.3 Fighting
 - Level 2.0 Throwing
 - Level 2.6 Dodging
 * Level 13.0 Unarmed Combat
 + Level 9.8 Invocations


You had 10 spell levels left.
You didn't know any spells.
Your spell library contained the following spells:

 Spells                   Type           Power        Failure   Level
 Summon Small Mammal      Summ           #...         32%         1
 Call Imp                 Summ           #.......     45%         2
 Call Canine Familiar     Summ           #.......     69%         3
 Summon Guardian Golem    Hex/Summ       #.......     69%         3
 Cause Fear               Hex            #.........   97%         4
 Summon Ice Beast         Ice/Summ       #.......     97%         4
 Summon Lightning Spire   Summ/Air       #.......     97%         4
 Silence                  Hex/Air        #.........   100%        5
 Yara's Violent Unravell  Hex/Tmut       #.........   100%        5
 Discord                  Hex            #.........   100%        8


Dungeon Overview and Level Annotations

Branches:
Dungeon (11/15)            Temple (1/1) D:5            Lair (0/6) D:8
  Sewer (visited)         Gauntlet (1/1)
    Orc: D:9-12

Altars:
Ashenzari
Cheibriados
Dithmenos
Elyvilon
Fedhas
Gozag
Hepliaklqana
Kikubaaqudgha
Makhleb
Nemelex Xobeh
Okawaru
Qazlal
Ru
Sif Muna
Trog
Uskayaw
Vehumet
Wu Jian
Xom
Yredelemnul
Zin
The Shining One

Shops:
D:7 *

Annotations:
Gauntlet 8 transporters, 3 runed translucent doors


Innate Abilities, Weirdness & Mutations

((You have sharp fingernails.))
You have a moderately thin skeletal structure. (Dex +4, Stealth+)
You sometimes gain a little power by taking damage.
((You are partially covered in sharp spines.))


Message History

The minotaur hits you but does no damage.
The minotaur gores you but does no damage.
The spectral weapon hits you but does no damage.
Unknown command.
You smack the minotaur!
The minotaur is severely wounded.
The minotaur hits you with a +2 spectral quarterstaff!!
* * * LOW HITPOINT WARNING * * *
The minotaur gores you but does no damage.
You completely miss the minotaur.
The minotaur furiously retaliates!
The minotaur headbutts you!
* * * LOW HITPOINT WARNING * * *
The minotaur is severely wounded.
The spectral weapon completely misses you.
Unknown command.
You smack the minotaur!
The minotaur is almost dead.
The minotaur hits you but does no damage.
The minotaur gores you!
You die...

..#.♣..##......##.##....#
.©#.PP..#.♣.##.##....##.##
.=#...♣.#...##....##.##..#
.)#.....#.©....##.##....##
xx#.....#...##(##....##.##
###.....#.©.##..(.######.#
.....∩..#......##.'...∩###
###.....#.©.##.##.######
..#.....#...##(.♣H#
..#...P.#.©....##(#
..#...♣.#...##.##...
.©#.P...#.♣.##....##.#
#.#.♣..##......##.# ..
..#...###.♣.##.# .. ##
..#...≈##...#### ##
###.P.≈≈# # # ....♣.≈##


You could see a minotaur and a +2 spectral quarterstaff (summoned).

Vanquished Creatures
  A two-headed ogre (D:10)
  An anaconda (shapeshifter) (Gauntlet)
  A catoblepas (D:9)
  A soul eater (Gauntlet)
  A death drake (Gauntlet)
  The ghost of vurker the Frost Mage, a novice OpIE of Vehumet (D:8)
  A deep elf mage (D:9)
  3 spectral centaurs (Gauntlet)
  An ice statue (D:9)
  A kobold demonologist (D:8)
  Grinder (D:3)
  2 hippogriffs
  Sigmund (D:2)
  A wraith (D:7)
  Eustachio (D:4)
  A fire bat (shapeshifter) (Gauntlet)
  2 wargs (D:8)
  A water moccasin (D:6)
  Duvessa (D:4)
  6 orc warriors
  5 ice beasts
  A sky beast (D:6)
  A black bear (D:8)
  3 phantoms
  4 ogres
  A centaur (D:9)
  A necrophage (D:6)
  11 big kobolds (D:8)
  5 bullfrogs
  3 scorpions
  Dowan (D:4)
  10 wights
  6 howler monkeys
  3 bullfrog zombies
  2 quasits (D:9)
  7 hounds
  3 jellies
  2 centaur skeletons
  12 orc priests
  11 orc wizards
  A bullfrog skeleton (D:7)
  Ijyb (D:3)
  3 iguanas
  Natasha (thrice) (D:3)
  6 worker ants
  3 hound zombies
  3 hound skeletons
  2 worker ant zombies
  7 gnolls
  16 adders
  6 shadow imps
  5 white imps
  5 ufetubi
  3 adder zombies
  3 worms
  2 dart slugs (D:1)
  5 leopard geckos
  54 orcs
  5 giant cockroaches
  8 hobgoblins
  12 jackals
  8 kobolds
  3 quokkas
  9 ball pythons
  11 bats
  13 frilled lizards
  5 goblins
  A jackal zombie (D:6)
  A leopard gecko skeleton (D:4)
  10 rats
335 creatures vanquished.

Vanquished Creatures (collateral kills)
  A wolf spider zombie (Gauntlet)
1 creature vanquished.

Vanquished Creatures (others)
  An adder (D:9)
  A demonic plant (Gauntlet)
  2 fungi (D:8)
  3 plants
7 creatures vanquished.

Grand Total: 343 creatures vanquished

Notes
Turn   | Place    | Note
-------+----------+-------------------------------------------
     0 | D:1      | Alarkh the Demonspawn Gladiator began the quest for the
                  | Orb.
     0 | D:1      | Reached XP level 1. HP: 16/16 MP: 1/1
   209 | D:1      | Reached skill level 3 in Unarmed Combat
   219 | D:1      | Gained mutation: You have sharp fingernails. [demonic
                  | ancestry]
   219 | D:1      | Reached XP level 2. HP: 22/22 MP: 2/2
   598 | D:1      | Reached XP level 3. HP: 28/28 MP: 3/3
  1343 | D:2      | Reached XP level 4. HP: 28/34 MP: 4/4
  1430 | D:2      | Reached skill level 4 in Unarmed Combat
  1486 | D:2      | Noticed Sigmund
  1707 | D:2      | Killed Sigmund
  1707 | D:2      | Reached skill level 5 in Unarmed Combat
  1707 | D:2      | Reached XP level 5. HP: 42/42 MP: 5/5
  1927 | D:3      | Found a radiant altar of Vehumet.
  1927 | D:3      | Found a shattered altar of Ashenzari.
  1935 | D:3      | Found a bloodstained altar of Trog.
  1942 | D:3      | Noticed Natasha
  1948 | D:3      | Killed Natasha
  1948 | D:3      | Reached XP level 6. HP: 47/48 MP: 6/6
  2170 | D:3      | Noticed Grinder
  2178 | D:3      | Paralysed by Grinder for 3 turns
  2189 | D:3      | Killed Grinder
  2189 | D:3      | Reached skill level 6 in Unarmed Combat
  2189 | D:3      | Gained mutation: You sometimes gain a little power by
                  | taking damage. [demonic ancestry]
  2189 | D:3      | Reached XP level 7. HP: 55/55 MP: 7/7
  2270 | D:3      | Found a glowing drain.
  2293 | Sewer    | Entered a sewer
  2889 | D:3      | Noticed Natasha
  2894 | D:3      | Killed Natasha
  2991 | D:3      | Noticed Ijyb
  3003 | D:3      | Killed Ijyb
  3053 | D:3      | Reached skill level 5 in Fighting
  3059 | D:3      | Noticed Natasha
  3068 | D:3      | Killed Natasha
  3279 | D:4      | Noticed Eustachio
  3292 | D:4      | Killed Eustachio
  3292 | D:4      | Reached skill level 7 in Unarmed Combat
  3323 | D:4      | Noticed Dowan
  3324 | D:4      | Noticed Duvessa
  3337 | D:4      | Killed Dowan
  3353 | D:4      | Killed Duvessa
  3353 | D:4      | Gained mutation: You are partially covered in sharp spines.
                  | [demonic ancestry]
  3353 | D:4      | Reached XP level 8. HP: 59/63 MP: 8/8
  3815 | D:5      | Entered Level 5 of the Dungeon
  3971 | D:5      | Found an iron altar of Okawaru.
  3978 | D:5      | Reached skill level 8 in Unarmed Combat
  4001 | D:5      | Found a staircase to the Ecumenical Temple.
  4012 | Temple   | Entered the Ecumenical Temple
  4201 | Temple   | Became a worshipper of Makhleb the Destroyer
  4244 | D:5      | Identified the amulet "Tuliapp" {Spirit *Contam rN++ Str+7}
  4557 | D:6      | Reached skill level 9 in Unarmed Combat
  4696 | D:6      | Reached * piety under Makhleb
  4759 | D:6      | Reached XP level 9. HP: 67/71 MP: 9/9
  4867 | D:6      | Reached skill level 1 in Invocations
  5153 | D:7      | Found Gutsuses's Assorted Antiques.
  5172 | D:7      | Bought a scroll labeled EHONKI NYCRU for 27 gold pieces
  5172 | D:7      | Bought a scroll labeled ADIRRE FEACWARGH for 27 gold pieces
  5172 | D:7      | Bought a ring of evasion for 54 gold pieces
  5172 | D:7      | Bought a ring of evasion for 54 gold pieces
  5301 | D:7      | Identified the cursed +1 ring mail of Daisies {+Blink MR-
                  | rCorr Int+8}
  5351 | D:7      | Reached skill level 10 in Unarmed Combat
  5435 | D:7      | Reached ** piety under Makhleb
  5685 | D:7      | Found the +5 scythe "Finisher" {speed, eviscerate}
  5963 | D:8      | Reached skill level 5 in Invocations
  6057 | D:8      | Gained mutation: You have a somewhat thin skeletal
                  | structure. (Dex +2, Stealth) [demonic ancestry]
  6057 | D:8      | Reached XP level 10. HP: 71/79 MP: 12/14
  6070 | D:8      | Found a staircase to the Lair.
  6416 | D:8      | Found a runed translucent gate.
  6416 | D:8      | Found a runed translucent gate.
  6417 | D:8      | Found a runed translucent gate.
  6417 | D:8      | Noticed vurker's ghost (novice OpIE)
  6420 | D:8      | Identified the +5 whip of Objectivity {chaos, Fragile
                  | Int+4}
  6551 | D:8      | Reached *** piety under Makhleb
  6752 | D:8      | Reached skill level 11 in Unarmed Combat
  6782 | D:8      | Killed vurker's ghost
  6784 | D:8      | Cast into level 2 of the Abyss (big kobold)
  6793 | Abyss:2  | Got an ivory flail
  6794 | Abyss:2  | Identified the cursed +0 flail of Discord {venom, +Blink}
                  | (You found it on level 2 of the Abyss)
  6804 | D:8      | Escaped the Abyss
  7070 | D:9      | Noticed a catoblepas
  7078 | D:9      | Noticed a deep elf mage
  7101 | D:9      | Killed a deep elf mage
  7193 | D:9      | Killed a catoblepas
  7193 | D:9      | Gained mutation: You have a moderately thin skeletal
                  | structure. (Dex +4, Stealth+) [demonic ancestry]
  7193 | D:9      | Reached XP level 11. HP: 89/89 MP: 14/17
  7313 | D:9      | Reached **** piety under Makhleb
  7348 | D:9      | Reached skill level 12 in Unarmed Combat
  7677 | D:9      | Found an ancient bone altar of Kikubaaqudgha.
  7909 | D:10     | Entered Level 10 of the Dungeon
  7990 | D:10     | Noticed a two-headed ogre
  7996 | D:10     | Killed a two-headed ogre
  8384 | D:11     | Found a gate leading to a gauntlet.
  8395 | Gauntlet | Entered a Gauntlet
  8395 | Gauntlet | Found a transporter.
  8395 | Gauntlet | Noticed a soul eater
  8403 | Gauntlet | Found a transporter.
  8404 | Gauntlet | Found a transporter.
  8414 | Gauntlet | Found the macabre finger necklace {rN+}
  8415 | Gauntlet | Found a transporter.
  8423 | Gauntlet | Found a transporter.
  8438 | Gauntlet | Noticed a death drake
  8441 | Gauntlet | Found a transporter.
  8451 | Gauntlet | Found a transporter.
  8458 | Gauntlet | Noticed a great orb of eyes
  8458 | Gauntlet | Noticed a large abomination
  8460 | Gauntlet | Found a runed translucent gate.
  8460 | Gauntlet | Noticed a brown ugly thing
  8461 | Gauntlet | Found a transporter.
  8461 | Gauntlet | Found a runed translucent gate.
  8462 | Gauntlet | Found a runed translucent gate.
  8462 | Gauntlet | Noticed a green ugly thing
  8477 | Gauntlet | Found a transporter.
  8480 | Gauntlet | Noticed a death scarab
  8492 | Gauntlet | Found a transporter.
  8492 | Gauntlet | Found a transporter.
  8539 | Gauntlet | Found a transporter.
  8553 | Gauntlet | Found a transporter.
  8557 | Gauntlet | Noticed a fire crab
  8697 | Gauntlet | Killed a soul eater
  8700 | Gauntlet | Reached ***** piety under Makhleb
  8723 | Gauntlet | Noticed an anaconda
  8724 | Gauntlet | Reached skill level 10 in Fighting
  8729 | Gauntlet | Killed an anaconda
  8732 | Gauntlet | Found a transporter.
  8772 | Gauntlet | Killed a death drake
  8785 | Gauntlet | Reached skill level 13 in Unarmed Combat
  8921 | Gauntlet | Noticed a minotaur
  8948 | Gauntlet | HP: 6/138 [minotaur/+2 spectral quarterstaff (10)]
  8949 | Gauntlet | HP: 2/138 [minotaur's headbutt (4)]
  8950 | Gauntlet | Slain by a minotaur

Illustrated notes

Levels and vault maps discovered:
D:1:      elethiomel_arrival_infinity_welcomes_careful_drivers,
          layout_loops_corners, minmay_pentomino_p4
D:2:      layout_basic, minmay_shallow_snake_nest, uniq_sigmund
D:3:      layout_basic, grunt_temple_overflow_open, gup_sewer_entry_glass,
          uniq_grinder, uniq_natasha, uniq_ijyb
D:4:      layout_basic, uniq_duvessa, uniq_eustachio
D:5:      minmay_opposing_rooms, layout_rooms, minmay_temple_entry_trees,
          okawaru_metal_pillars_1_2
D:6:      layout_loops_ring, kennysheep_generic_room_8
D:7:      layout_basic, serial_shops, shop, minmay_guarded_unrand_finisher
D:8:      layout_rooms, erik_lair_orcish_takeover, gammafunk_ghost_nasty_kobolds
D:9:      minmay_distorted_concentric_squares, layout_basic,
          lemuel_crystal_altar, minivault_16
D:10:     minmay_stone_box, layout_cave_pools
D:11:     layout_cross, gauntlet_entry_generic, minivault_16
Temple:   eino_narrow_crystal_temple
Gauntlet: minmay_gauntlet_77_tree [minmay_gauntlet_arena_77_tiled_triplets,
          minmay_gauntlet_arena_77_checkered, minmay_gauntlet_arena_77_p_blocks,
          minmay_gauntlet_arena_77_run_for_it,
          minmay_gauntlet_arena_77_chump_sandwich,
          minmay_gauntlet_arena_77_double_cross,
          minmay_gauntlet_arena_77_two_paths, gauntlet_exit_green]

Skill      XL: |  1  2  3  4  5  6  7  8  9 10 11 |
---------------+----------------------------------+-----
Throwing       | 2 |  2.0
Unarmed Combat | 3 5 6 7 9 10 11 13 | 13.0
Fighting       | 3 4 5 7 8 9 10 | 10.3
Invocations    | 5 8 9 |  9.8
Dodging        | |  2.6

Action                   |  1- 3 |  4- 6 |  7- 9 | 10-12 || total
-------------------------+-------+-------+-------+-------++-------
Melee: Unarmed           |   122 |   127 |   391 |   295 ||   935
       Punch             |     3 |       |    23 |    22 ||    48
Invok: Lesser Servant of |       |       |       |     5 ||     5
  Use: Scroll            |       |     4 |     7 |     3 ||    14
       Potion            |       |     5 |     3 |     5 ||    13
 Stab: Distracted        |     1 |       |       |     1 ||     2
       Sleeping          |       |     1 |     2 |     6 ||     9
       Confused          |       |       |     6 |       ||     6
Armor: Leather armour    |    36 |     9 |       |       ||    45
       Skin              |       |     5 |     4 |     6 ||    15
       Robe              |       |    21 |    20 |       ||    41
       Ring mail         |       |       |    65 |    69 ||   134
Dodge: Dodged            |    78 |   114 |   227 |   210 ||   629

Table legend: (Time is in decaauts)
 A = Elapsed time spent in this place.
 B = Non-inter-level travel time spent in this place.
 C = Inter-level travel time spent in this place.
 D = Time resting spent in this place.
 E = Time spent auto-exploring this place.
 F = Levels seen in this place.
 G = Mean time per level.
                   A        B        C        D        E       F      G
               +--------+--------+--------+--------+--------+-----+--------+
         Total |   8858 |   8571 |    287 |    726 |   5891 |  15 |  590.5 |
       Dungeon |   7696 |   7429 |    267 |    716 |   5141 |  11 |  699.6 |
        Temple |    195 |    175 |     20 |      0 |    174 |   1 |  195.0 |
         Abyss |     18 |     18 |      0 |      0 |      0 |   1 |   18.0 |
         Sewer |    403 |    403 |      0 |      0 |    285 |   1 |  403.0 |
      Gauntlet |    543 |    543 |      0 |     10 |    291 |   1 |  543.0 |
               +--------+--------+--------+--------+--------+-----+--------+

Top non-repeatable levels by time:
     D:1: 1249 daAuts
     D:3: 1052 daAuts
     D:9: 996 daAuts
     D:8: 892 daAuts
     D:7: 803 daAuts
     D:6: 616 daAuts
     D:2: 604 daAuts
Gauntlet: 543 daAuts
     D:4: 518 daAuts
     D:5: 495 daAuts
    D:10: 458 daAuts
   Sewer: 403 daAuts
  Temple: 195 daAuts
 Abyss:2: 18 daAuts
    D:11: 10 daAuts
